 Dungeon Crawl Stone Soup version 0.17-a0-968-gf8e1f1d (webtiles) character file.

641 Hanyuu the Insei (level 7, -3/43 HPs)
             Began as an Octopode Transmuter on May 10, 2015.
             Slain by an orc (4 damage)
             ... on level 5 of the Dungeon.
             The game lasted 00:13:32 (6110 turns).

Hanyuu the Insei (Octopode Transmuter)              Turns: 6110, Time: 00:13:33

Health: -3/43      AC:  2    Str: 10    XL:     7   Next: 51%
Magic:  15/19      EV: 19    Int: 17    God:
Gold:   268        SH:  0    Dex: 17    Spells: 4 memorised, 0 levels left

rFire  . . .     SeeInvis .       - Unarmed
rCold  . . .     Clarity  .     (shield currently unavailable)
rNeg   . . .     SustAb   .     (helmet currently unavailable)
rPois  x         Gourm    .     u - amulet of rage
rElec  .         Spirit   .     h - ring of magical power
rCorr  .         Warding  .     (no ring)
rMut   .         Stasis   .     (no ring)
MR     .....                    (no ring)
Stlth  ++........               (no ring)
                                (no ring)
                                (no ring)
                                (no ring)

@: spider-form, not resistant to hostile enchantments, unstealthy
A: almost no armour, amphibious, 8 rings, (constrict 8), (camouflage 0),
(gelatinous body 0)
a: End Transformation, Evoke Berserk Rage


You were on level 5 of the Dungeon.
You were not hungry.
You were a venomous arachnid creature.
You visited 1 branch of the dungeon, and saw 5 of its levels.

You collected 268 gold pieces.

Inventory:

Missiles
 a - 43 arrows
 g - 17 poisoned needles
 y - 4 silver tomahawks (quivered)
Jewellery
 h - a ring of magical power (left front leg)
 u - an amulet of rage (around neck)
Scrolls
 f - 5 scrolls of recharging
 j - 3 scrolls of remove curse
 l - 2 scrolls of magic mapping
 m - a scroll of amnesia {unknown}
 o - a scroll of enchant armour {unknown}
 q - 2 scrolls of random uselessness
 t - 2 scrolls of blinking {unknown}
 w - a scroll of enchant weapon
 A - a scroll of identify
Potions
 d - 2 potions of heal wounds
 e - a potion of degeneration {unknown}
 i - a potion of lignification {unknown}
 n - a potion of might {unknown}
 p - 4 potions of ambrosia
 r - 2 potions of cancellation
 s - a potion of resistance {unknown}
 D - a potion of beneficial mutation {unknown}
Books
 b - a book of Changes

   Spells                             Type                      Level
   a - Beastly Appendage              Transmutation                1
   b - Sticks to Snakes               Transmutation                2
   c - Spider Form                    Transmutation/Poison         3
   d - Ice Form                       Ice/Transmutation            4
   e - Blade Hands                    Transmutation                5
Comestibles
 c - 4 bread rations
 k - 2 slices of pizza
 v - a royal jelly
 x - 5 fruits
 z - 4 beef jerkies
 B - 2 chunks of flesh
 C - a meat ration


   Skills:
 - Level 1.0 Fighting
 - Level 2.0 Dodging
 + Level 7.5 Unarmed Combat
 - Level 2.0 Spellcasting
 + Level 4.3 Transmutations


You couldn't memorise any spells.
You knew the following spells:

 Your Spells              Type           Power        Failure   Level  Hunger
a - Beastly Appendage     Trmt           ###...       12%         1    #......
b - Sticks to Snakes      Trmt           ###.......   17%         2    ###....
c - Spider Form           Trmt/Pois      #.........   45%         3    ###....
d - Ice Form              Ice/Trmt       #.......     93%         4    #####..


Dungeon Overview and Level Annotations

Branches:
Dungeon (5/15)
 Temple: D:4-7

Altars:
Ashenzari
Fedhas
Ru
Vehumet
Yredelemnul


Innate Abilities, Weirdness & Mutations

You cannot wear most types of armour.
You are amphibious.
You can wear up to eight rings at the same time.
((You can use your tentacles to constrict eight enemies at once.))
((Your skin changes colour to match your surroundings (Stealth).))
((Your rubbery body absorbs attacks (AC +1).))


Message History

The orc completely misses you.
You hit the orc priest.
The orc priest is moderately wounded.
The orc misses you. The orc priest closely misses you. The orc misses you.
You hit the orc priest.
The orc priest is moderately wounded.
The orc misses you. The orc priest misses you. The orc closely misses you.
You hit the orc priest but do no damage.
The orc priest is poisoned.
The orc priest is moderately wounded.
The orc hits you.
* * * LOW HITPOINT WARNING * * *
The orc priest closely misses you.
You hit the orc priest but do no damage.
The orc priest looks even sicker.
The orc priest is moderately wounded.
The orc hits you.
* * * LOW HITPOINT WARNING * * *
The orc hits you.
You die...

######### #.......#
#.#####.# #.# #.#######
#.# #.#.....# #.#
##.#.###.#
###.####.....##.# .
#.........#..##.####....
#....#.........>so......
#....#######.##.oo......
#............##.####....
#..........#.##.# ...
#.......##.#.##.# .
#....##.##.#.....
##.####.##.#......
..................
###.###.##.##.....


You could see an orc priest and 2 orcs.

Vanquished Creatures
  An ogre (D:4)
  A centaur zombie (D:3)
  An orc priest (D:3)
  A hound (D:4)
  Ijyb (D:2)
  2 orc wizards (D:5)
  4 worker ants (D:4)
  A hound skeleton (D:4)
  5 gnolls (D:4)
  8 adders
  3 oozes
  4 worms
  A giant gecko (D:3)
  12 orcs
  6 bats
  A bat skeleton (D:3)
  2 giant cockroaches (D:1)
  21 hobgoblins
  2 jackals (D:4)
  5 quokkas
  A ball python (D:1)
  A giant gecko skeleton (D:4)
  4 giant newts
  11 goblins
  12 kobolds
  8 rats
119 creatures vanquished.

Vanquished Creatures (others)
  A hobgoblin (D:2)
  A rat (D:2)
2 creatures vanquished.

Grand Total: 121 creatures vanquished

Notes
Turn   | Place    | Note
--------------------------------------------------------------
     0 | D:1      | Hanyuu, the Octopode Transmuter, began the quest for the Orb.
     0 | D:1      | Reached XP level 1. HP: 13/13 MP: 3/3
    96 | D:1      | Found a shattered altar of Ashenzari.
   232 | D:1      | Reached XP level 2. HP: 18/18 MP: 5/5
   237 | D:1      | Learned a level 2 spell: Sticks to Snakes
   523 | D:1      | Reached skill level 4 in Unarmed Combat
   675 | D:2      | Found a sacrificial altar of Ru.
   727 | D:2      | Reached XP level 3. HP: 23/23 MP: 6/6
   790 | D:2      | Noticed Ijyb
   801 | D:2      | Learned a level 3 spell: Spider Form
   809 | D:2      | Killed Ijyb
   816 | D:2      | Found a radiant altar of Vehumet.
   992 | D:2      | Reached XP level 4. HP: 28/28 MP: 7/7
  1318 | D:2      | Reached skill level 5 in Unarmed Combat
  2232 | D:3      | Reached XP level 5. HP: 17/33 MP: 8/8
  2535 | D:3      | Reached skill level 6 in Unarmed Combat
  2937 | D:3      | Reached XP level 6. HP: 23/38 MP: 9/9
  3138 | D:3      | Found a basalt altar of Yredelemnul.
  3361 | D:4      | Found a blossoming altar of Fedhas.
  4254 | D:4      | Reached skill level 7 in Unarmed Combat
  4527 | D:4      | Reached XP level 7. HP: 16/43 MP: 10/10
  5661 | D:4      | Learned a level 4 spell: Ice Form
  5978 | D:4      | Found a shattered altar of Ashenzari.
  6007 | D:5      | Entered Level 5 of the Dungeon
  6110 | D:5      | HP: 1/43 [orc (4)]
  6110 | D:5      | Slain by an orc

Action                   |  1- 3 |  4- 6 |  7- 9 || total
-------------------------+-------+-------+-------++-------
Melee: Unarmed           |    58 |   173 |    85 ||   316
 Cast: Spider Form       |     1 |     4 |     4 ||     9
 Abil: Evoke Berserk Rag |       |     1 |       ||     1
  Use: Scroll            |       |     8 |     1 ||     9
 Stab: Sleeping          |     5 |     2 |     5 ||    12
  Eat: Chunk             |       |    11 |     4 ||    15
       Pizza             |       |     1 |       ||     1
       Fruit             |       |       |     2 ||     2
